 Dungeon Crawl Stone Soup version 0.20.1-1-g8b1a95d (webtiles) character file.

133 vineage the Skirmisher (level 5, -4/33 HPs)
             Began as a Gargoyle Fighter on Sept 5, 2017.
             Killed by divine providence
             ... invoked by an orc priest
              (11 damage)
             ... on level 3 of the Dungeon.
             The game lasted 00:03:11 (1342 turns).

vineage the Skirmisher (Gargoyle Fighter)           Turns: 1342, Time: 00:03:14

Health: -4/33      AC: 12    Str: 25    XL:     5   Next: 16%
Magic:  5/5        EV:  8    Int:  9    God:
Gold:   204        SH:  9    Dex:  9    Spells: 4/4 levels left

rFire    . . .     SeeInvis .   a - +1 flail
rCold    + . .     Gourm    .   c - +0 shield
rNeg     + . .     Faith    +   b - +0 scale mail
rPois    ∞         Spirit   .   (no helmet)
rElec    +         Reflect  .   (no cloak)
rCorr    .         Harm     .   p - +0 pair of gloves
MR       +....                  (no boots)
Stlth    ..........             q - amulet of faith
Regen    0.2/turn               i - ring of protection from magic
MPRegen  0.1/turn               o - ring of protection from cold

@: mighty
A: negative energy resistance 1, electricity resistance, unbreathing,
petrification resistance, rot immunity, AC +4
a: no special abilities


You were on level 3 of the Dungeon.
You were not hungry.

You visited 1 branch of the dungeon, and saw 3 of its levels.

You collected 204 gold pieces.

Inventory:

Hand Weapons
 a - a +1 flail (weapon)
Armour
 b - a +0 scale mail (worn)
 c - a +0 shield (worn)
 p - a +0 pair of gloves (worn)
Jewellery
 i - a ring of protection from magic (left hand)
 k - an uncursed ring of ice
 o - a ring of protection from cold (right hand)
 q - an amulet of faith (around neck)
Wands
 g - a wand of confusion (26/48)
Scrolls
 h - a scroll of teleportation {unknown}
 j - a scroll of remove curse
 m - a scroll of magic mapping {unknown}
Potions
 d - a potion of might
Comestibles
 f - a bread ration
 l - a meat ration
 n - a royal jelly
 r - 4 fruits


   Skills:
 + Level 4.0 Fighting
 + Level 3.6 Maces & Flails
 + Level 3.8 Armour
 + Level 0.7 Dodging
 + Level 4.0 Shields


You had 4 spell levels left.
You didn't know any spells.

Dungeon Overview and Level Annotations

Branches:
Dungeon (3/15)

Altars:
Cheibriados
Kikubaaqudgha


Innate Abilities, Weirdness & Mutations

You are resistant to torment.
Your stone body is resilient. (AC +4)
You are immune to poison.
You resist negative energy. (rN+)
You are resistant to electric shocks. (rElec)
You can survive without breathing.
You are immune to petrification.
You are immune to rotting.


Message History

You hear some strange, mumbled words.
Things that are here:
a dagger; an orc corpse Something hits you.
Something hits you but does no damage.
You closely miss something. Something hits you but does no damage.
Something hits you.
You closely miss something. Something hits you but does no damage.
The orc priest mumbles some strange prayers to Beogh against you.
Beogh smites you!
* * * LOW HITPOINT WARNING * * *
You hear some strange, mumbled words.
A puff of frost appears from out of thin air!
You block the puff of frost.
You feel better.
You hear some strange, mumbled words.
A magic dart appears from out of thin air!
The magic dart hits you!
The orc priest calls down the wrath of Beogh upon you.
Beogh smites you!
You die... .oo

#.# #.##.# #.#
#.##.# #.# .
#.##.# #o# .
#.##.# #o# .
#.##.# #o# .
#.##.# #{# .##
#.##.# #@#
..####.##.######)#
#................#
..#..#..##########
(...###......#
.##..#..####.#
.###...## #.###.##
.####.#


You could see an orc priest and 2 orcs.

Vanquished Creatures
  3 gnolls (D:3)
  4 adders (D:2)
  An ooze (D:1)
  A worm (D:3)
  A dart slug (D:1)
  5 orcs (D:3)
  A ball python (D:1)
  4 bats
  3 bat zombies (D:2)
  4 goblins
  6 hobgoblins
  5 jackals
  7 kobolds
  4 frilled lizards
  5 rats
54 creatures vanquished.

Notes
Turn   | Place    | Note
-------+----------+-------------------------------------------
     0 | D:1      | vineage the Gargoyle Fighter began the quest for the Orb.
     0 | D:1      | Reached XP level 1. HP: 14/14 MP: 1/1
    73 | D:1      | Reached XP level 2. HP: 13/19 MP: 2/2
   264 | D:1      | Reached XP level 3. HP: 22/23 MP: 3/3
   848 | D:2      | Found a snail-covered altar of Cheibriados.
   914 | D:2      | Reached XP level 4. HP: 27/29 MP: 4/4
   988 | D:2      | Found an ancient bone altar of Kikubaaqudgha.
  1135 | D:3      | Reached XP level 5. HP: 13/33 MP: 5/5
  1342 | D:3      | Killed from afar by an orc priest

Skill      XL: |  1  2  3  4  5 |
---------------+----------------+-----
Maces & Flails | 3 |  3.6
Fighting       | 4 |  4.0
Shields        | 4 |  4.0
Armour         | |  3.8
Dodging        | |  0.7

Action                   |  1- 3 |  4- 6 || total
-------------------------+-------+-------++-------
Melee: Flail             |   113 |    78 ||   191
  Use: Scroll            |     5 |       ||     5
       Potion            |       |     2 ||     2
  Eat: Chunk             |       |     2 ||     2
Armor: Scale mail        |    48 |    57 ||   105
Dodge: Dodged            |    39 |    31 ||    70
Block: Shield            |    61 |    50 ||   111
